[Event "Titled Tuesday Blitz May 2 Early 2023"]
[White "Soham Kamotra"]
[Black "Shukhman, Anna"]
[WhiteFideId "46647490"]
[BlackFideId "54180058"]
[WhiteElo "2209"]
[BlackElo "2125"]
[Result "1-0"]
[Round "05"]
[TimeControl "180+2"]
[Date "2023.05.02"]
[WhiteClock "0:00:04"]
[BlackClock "0:00:13"]

1. b3 e5 2. Bb2 Nc6 3. g3 Nf6 4. c4 d5 5. cxd5 Qxd5 6. Nf3 e4 7. Nc3 Qh5 8. Nh4 Bc5 9. Ng2 O-O 10. Nf4 Qh6 11. Bg2 Bf5 12. Ncd5 Ng4 13. Ne3 Bxe3 14. fxe3 Rad8 15. Qc1 g5 16. Qc3 Nge5 17. O-O gxf4 18. gxf4 Qe6 19. fxe5 Ne7 20. Kh1 Nd5 21. Qc4 Ne7 22. Qxc7 Nc6 23. Qxb7 Nxe5 24. Rg1 Kh8 25. Bxe4 f6 26. Bxf5 Qd5+ 27. Qxd5 Rxd5 28. Be4 Rxd2 29. Bd4 Rxe2 30. Raf1 Rd8 31. Rxf6 Rxd4 32. Rf8# 1-0


[Site "https://www.chess.com"]

[Event "Titled Tuesday Blitz May 2 Early 2023"]
[White "Indjic, Aleksandar"]
[Black "Principe, Gerson"]
[WhiteFideId "911925"]
[BlackFideId "3804550"]
[WhiteElo "2614"]
[BlackElo "2229"]
[Result "1-0"]
[Round "05"]
[TimeControl "180+2"]
[Date "2023.05.02"]
[WhiteClock "0:01:55"]
[BlackClock "0:00:03"]

1. c4 e6 2. Nc3 d5 3. d4 Nf6 4. cxd5 exd5 5. Bg5 c6 6. e3 Be7 7. Bd3 O-O 8. Qc2 Nbd7 9. Nge2 Re8 10. f3 c5 11. Bf5 g6 12. Bh3 cxd4 13. Nxd4 Nb6 14. Bxc8 Rxc8 15. O-O Nfd7 16. Bf4 Bg5 17. Qf2 Bxf4 18. exf4 Qf6 19. g3 a6 20. Rfe1 Nc4 21. b3 Ncb6 22. Rxe8+ Rxe8 23. Nce2 Rc8 24. Qe3 Nf8 25. Qe5 Nfd7 26. Qxf6 Nxf6 27. Kf2 Kf8 28. g4 Ne8 29. f5 Nd6 30. fxg6 hxg6 31. h4 Nb5 32. Nxb5 axb5 33. Nd4 b4 34. Ke3 Rc3+ 35. Kd2 Rc8 36. Rc1 Rxc1 37. Kxc1 Nd7 38. Kd2 Ne5 39. Ke3 Ke7 40. Kf4 f6 41. h5 gxh5 42. gxh5 Kf7 43. Kf5 Nd3 44. Nc2 Kg7 45. h6+ Kxh6 46. Kxf6 Kh7 47. Ke6 1-0


[Site "https://www.chess.com"]

[Event "Titled Tuesday Blitz May 2 Early 2023"]
[White "Molina, Roberto Junio Brito"]
[Black "Karwowski, Kacper"]
[WhiteFideId "2109450"]
[BlackFideId "1126032"]
[WhiteElo "2376"]
[BlackElo "2261"]
[Result "1-0"]
[Round "05"]
[TimeControl "180+2"]
[Date "2023.05.02"]
[WhiteClock "0:00:11"]
[BlackClock "0:00:03"]

1. d4 Nf6 2. Nf3 d5 3. e3 c6 4. Be2 Bf5 5. O-O h6 6. b3 e6 7. Bb2 Nbd7 8. c4 Bd6 9. Bd3 Bxd3 10. Qxd3 Qe7 11. Nbd2 Rd8 12. e4 dxe4 13. Nxe4 Nxe4 14. Qxe4 Nf6 15. Qe2 O-O 16. Rad1 a5 17. a4 Rfe8 18. Rd3 Rb8 19. Bc3 Qc7 20. Rfd1 b5 21. axb5 cxb5 22. c5 Bf8 23. Ra1 b4 24. Bd2 Nd5 25. Ne5 Rbd8 26. Nc4 Ra8 27. Ra4 Red8 28. g3 g6 29. Qe5 Qxe5 30. Nxe5 Nc7 31. Nc6 Rd5 32. Bf4 Nb5 33. Nxb4 Rxd4 34. Rxd4 Nxd4 35. Nd3 Nxb3 36. Be3 Rc8 37. Kf1 Rc7 38. Rc4 a4 39. Rxa4 Nxc5 40. Nxc5 Bxc5 41. Bxh6 Be7 42. Ra8+ Kh7 43. Be3 Bf6 44. Ra2 Rb7 45. h4 Kg7 46. Kg2 Rd7 47. Kf3 Rb7 48. Ra4 Rd7 49. Ra5 Rd5 50. Ra7 e5 51. Ke4 Rb5 52. Ra4 Rb3 53. Rc4 Rb5 54. Bd2 Rb2 55. Be3 Rb3 56. Bc1 Rb1 57. Rc6 Rb4+ 58. Kf3 Rb3+ 59. Ke2 Rb5 60. Bd2 Rd5 61. Bc3 Rb5 62. Kd3 Be7 63. f4 f6 64. fxe5 fxe5 65. Ke4 Bf6 66. Rc7+ Kg8 67. h5 gxh5 68. Kf5 Bg7 69. Kg6 Rb6+ 70. Kxh5 Re6 71. Kg4 Bf6 72. Kf5 Rb6 73. g4 Bg7 74. g5 Ra6 75. Rc8+ Kf7 76. g6+ Ke7 77. Rc7+ Kf8 78. Bb4+ Kg8 79. Rc8+ Bf8 80. Rxf8+ Kg7 81. Rf7+ Kg8 82. Re7 e4 83. Bc3 Ra8 84. Bf6 e3 85. Rxe3 Rf8 86. Kg5 Rc8 87. Re5 Rb8 88. Kh6 Rc8 89. Re6 Rb8 90. Re7 Rc8 91. Rh7 1-0


[Site "https://www.chess.com"]

[Event "Titled Tuesday Blitz May 2 Early 2023"]
[White "Gabrielian, Artur"]
[Black "Baches Garcia, Guillermo"]
[WhiteFideId "4131002"]
[BlackFideId "2209764"]
[WhiteElo "2432"]
[BlackElo "2334"]
[Result "1-0"]
[Round "05"]
[TimeControl "180+2"]
[Date "2023.05.02"]
[WhiteClock "0:01:52"]
[BlackClock "0:00:20"]

1. e4 d5 2. exd5 Qxd5 3. Nc3 Qa5 4. d4 c6 5. Nf3 Nf6 6. Bc4 Bf5 7. Ne5 e6 8. g4 Bg6 9. h4 Nbd7 10. Nxd7 Nxd7 11. h5 Be4 12. Rh3 Bg2 13. Re3 Nb6 14. Bd3 Nd5 15. f3 Nxe3 16. Bxe3 Bb4 17. Kf2 Bxf3 18. Qxf3 Bxc3 19. bxc3 Qxc3 20. Rb1 O-O-O 21. Rb3 Qa1 22. Kg2 Rd7 23. Ba6 Qxa2 24. Qxc6+ Kd8 25. Bxb7 Ke7 26. Qc5+ Kd8 27. Bc6 Rc7 28. Rb8+ Rc8 29. Qd6# 1-0


[Site "https://www.chess.com"]

[Event "Titled Tuesday Blitz May 2 Early 2023"]
[White "Yeritsyan, Hayk"]
[Black "Dehtiarov, Roman"]
[WhiteFideId "13307320"]
[BlackFideId "14186640"]
[WhiteElo "2241"]
[BlackElo "2189"]
[Result "1-0"]
[Round "05"]
[TimeControl "180+2"]
[Date "2023.05.02"]
[WhiteClock "0:00:09"]
[BlackClock "0:00:02"]

1. Nf3 Nf6 2. g3 d5 3. Bg2 Bg4 4. Ne5 Bf5 5. O-O e6 6. b3 Bd6 7. Bb2 O-O 8. d3 Nbd7 9. Nxd7 Nxd7 10. Nd2 Bg6 11. e4 c6 12. f4 f6 13. f5 exf5 14. exd5 cxd5 15. Bxd5+ Kh8 16. Bxb7 Qb6+ 17. d4 Qxb7 18. Nc4 Bc7 19. Qf3 Qxf3 20. Rxf3 Nb6 21. Re1 Nxc4 22. bxc4 Rae8 23. Rxe8 Rxe8 24. Ra3 a5 25. Kf2 Bh5 26. Re3 Rb8 27. Rb3 Rc8 28. c5 f4 29. d5 a4 30. Rb7 Kg8 31. c4 fxg3+ 32. hxg3 Bf7 33. Bd4 Bd8 34. c6 Kf8 35. Ra7 h5 36. Rxa4 Bc7 37. Ra7 Ke8 38. a4 g5 39. a5 h4 40. Bb6 hxg3+ 41. Kg2 Be5 42. a6 Bg6 43. Rg7 Bf7 44. a7 Kf8 45. Rh7 Bg8 46. Rb7 Bf7 47. c7 Ke7 48. Rb8 Rxc7 49. Bxc7 Bxc7 50. a8=Q Be5 51. Qb7+ 1-0


[Site "https://www.chess.com"]

[Event "Titled Tuesday Blitz May 2 Early 2023"]
[White "Bacallao Alonso, Yusnel"]
[Black "Kubatko, Ivan"]
[WhiteFideId "3507416"]
[BlackFideId "24111473"]
[WhiteElo "2561"]
[BlackElo "2285"]
[Result "1-0"]
[Round "05"]
[TimeControl "180+2"]
[Date "2023.05.02"]
[WhiteClock "0:02:10"]
[BlackClock "0:00:09"]

1. d4 d5 2. c4 e6 3. Nf3 c5 4. cxd5 exd5 5. g3 Nc6 6. Bg2 Nf6 7. O-O Be7 8. dxc5 Bxc5 9. Nc3 O-O 10. Bg5 d4 11. Ne4 Be7 12. Bxf6 Bxf6 13. b4 a6 14. a4 Nxb4 15. Nxf6+ Qxf6 16. Qxd4 Qe7 17. Qf4 a5 18. Nd4 Be6 19. Rfc1 Rac8 20. Qe5 h6 21. Qxa5 Bd5 22. Bxd5 b6 23. Qb5 Rcd8 24. Nc6 1-0


[Site "https://www.chess.com"]

[Event "Titled Tuesday Blitz May 2 Early 2023"]
[White "Papasimakopoulos, Alexandros"]
[Black "Eggink, Ryszard"]
[WhiteFideId "4244125"]
[BlackFideId "1125869"]
[WhiteElo "2359"]
[BlackElo "2283"]
[Result "1-0"]
[Round "05"]
[TimeControl "180+2"]
[Date "2023.05.02"]
[WhiteClock "0:00:53"]
[BlackClock "0:00:15"]

1. d4 Nf6 2. g3 e6 3. Bg2 d5 4. Nf3 Be7 5. O-O O-O 6. c4 dxc4 7. Ne5 Nc6 8. Nxc6 bxc6 9. e3 Rb8 10. Qc2 c5 11. dxc5 Qd3 12. Qa4 Bxc5 13. Rd1 Bd7 14. Rxd3 Bxa4 15. Rc3 Rfd8 16. Bf3 Bb5 17. Na3 Bxa3 18. Rxa3 a6 19. Ra5 Nd5 20. a4 Bc6 21. Rxa6 Bb7 22. Ra7 Rd6 23. h4 Ra6 24. Rxa6 Bxa6 25. e4 Nb4 26. Bd2 Nd3 27. Bc3 e5 28. Be2 f6 29. f4 exf4 30. Bxd3 cxd3 31. gxf4 Kf7 32. Kf2 Ke6 33. Ke3 g6 34. h5 c5 35. Rg1 Rg8 36. f5+ Kf7 37. fxg6+ hxg6 38. h6 Rh8 39. Rf1 Rxh6 40. Rxf6+ 1-0


[Site "https://www.chess.com"]

[Event "Titled Tuesday Blitz May 2 Early 2023"]
[White "Preotu, Razvan"]
[Black "Shuvalov, Evgenij"]
[WhiteFideId "2613280"]
[BlackFideId "4187237"]
[WhiteElo "2407"]
[BlackElo "2080"]
[Result "1-0"]
[Round "05"]
[TimeControl "180+2"]
[Date "2023.05.02"]
[WhiteClock "0:00:17"]
[BlackClock "0:00:22"]

1. e4 e6 2. d4 d5 3. Nc3 Bb4 4. e5 c5 5. a3 Bxc3+ 6. bxc3 Ne7 7. h4 Qc7 8. Rb1 b6 9. h5 h6 10. Qg4 Rg8 11. Bb5+ Bd7 12. Bd3 Nbc6 13. Nf3 Kf8 14. O-O Na5 15. dxc5 bxc5 16. Be3 c4 17. Be2 Nf5 18. Bd4 Ba4 19. Rb2 Nc6 20. Rfb1 Ncxd4 21. Nxd4 Nxd4 22. Qxd4 g5 23. Rb7 Qd8 24. Rxa7 Rxa7 25. Qxa7 Bd7 26. Rb8 Bc8 27. Bg4 Kg7 28. Bxe6 Bxe6 29. Rxd8 Rxd8 30. a4 Bf5 31. Qe7 Ra8 32. Qf6+ Kg8 33. Qxf5 Rxa4 34. e6 fxe6 35. Qxe6+ Kf8 36. Qf6+ Ke8 37. Qc6+ 1-0


[Site "https://www.chess.com"]

[Event "Titled Tuesday Blitz May 2 Early 2023"]
[White "Chernov, Mikhail"]
[Black "Kvaloy, Aksel Bu"]
[WhiteFideId "24143170"]
[BlackFideId "1528815"]
[WhiteElo "2113"]
[BlackElo "2208"]
[Result "0-1"]
[Round "05"]
[TimeControl "180+2"]
[Date "2023.05.02"]
[WhiteClock "0:00:22"]
[BlackClock "0:00:54"]

1. d4 e5 2. dxe5 Qe7 3. Nf3 Nc6 4. Nc3 Nxe5 5. e4 Nf6 6. Bg5 Nxf3+ 7. Qxf3 c6 8. O-O-O d6 9. Bc4 h6 10. Bxf6 Qxf6 11. Qxf6 gxf6 12. f4 Be6 13. Bb3 h5 14. Kb1 Ke7 15. Ne2 Bh6 16. Rhf1 a5 17. Nd4 a4 18. Bxe6 fxe6 19. f5 e5 20. Ne6 Rag8 21. g3 h4 22. Rd3 hxg3 23. hxg3 Rg4 24. Rfd1 Rxe4 25. Rxd6 Rd4 26. R6xd4 exd4 27. Rxd4 Bf4 28. a3 Bxg3 29. Rxa4 Be5 30. Ra7 Rb8 31. Nc5 Kd6 32. Rxb7 Kxc5 0-1


[Site "https://www.chess.com"]

[Event "Titled Tuesday Blitz May 2 Early 2023"]
[White "Lavrik, Dmitry"]
[Black "Castellanos Gomez, Alejandro"]
[WhiteFideId "24113190"]
[BlackFideId "22284141"]
[WhiteElo "2345"]
[BlackElo "2158"]
[Result "1-0"]
[Round "05"]
[TimeControl "180+2"]
[Date "2023.05.02"]
[WhiteClock "0:00:29"]
[BlackClock "0:00:04"]

1. c4 g6 2. g3 Bg7 3. Bg2 c6 4. Nc3 Nf6 5. Qb3 Na6 6. d4 e5 7. dxe5 Ng4 8. h3 Nxe5 9. f4 Nc5 10. Qa3 Bf8 11. fxe5 Nd3+ 12. exd3 Bxa3 13. bxa3 Qa5 14. Bb2 O-O 15. Nf3 Re8 16. O-O-O b5 17. cxb5 Rb8 18. Nd2 Rxb5 19. Nxb5 cxb5 20. Ne4 Re6 21. Nd6 b4 22. axb4 Qxb4 23. Rhe1 Ba6 24. Re4 Qc5+ 25. Kb1 Qf2 26. Bh1 Qxg3 27. Rd4 Qxh3 28. Bd5 Qh5 29. Bb3 1-0


[Site "https://www.chess.com"]

[Event "Titled Tuesday Blitz May 2 Early 2023"]
[White "Kucuksari, Kaan"]
[Black "Arpita, Mukherjee"]
[WhiteFideId "6380166"]
[BlackFideId "5056403"]
[WhiteElo "2364"]
[BlackElo "2129"]
[Result "1-0"]
[Round "05"]
[TimeControl "180+2"]
[Date "2023.05.02"]
[WhiteClock "0:00:10"]
[BlackClock "0:00:11"]

1. e4 c5 2. Nf3 d6 3. d4 cxd4 4. Nxd4 Nf6 5. Nc3 a6 6. f3 e5 7. Nb3 Be7 8. Be3 Be6 9. Qe2 h5 10. O-O-O Nbd7 11. Kb1 Rc8 12. h3 h4 13. f4 Rxc3 14. bxc3 Nxe4 15. Qd3 Bf5 16. Kb2 Ng3 17. Qd5 Nxh1 18. g4 hxg3 19. Qxh1 O-O 20. Qf3 a5 21. fxe5 Bg6 22. exd6 Bf6 23. Qxg3 a4 24. Nd4 a3+ 25. Kc1 Qa5 26. Bf4 Rc8 27. Nb3 Qh5 28. Qg4 Rxc3 29. Bd3 Bxd3 30. Rxd3 Qa5 31. Nxa5 Rxd3 32. cxd3 Nc5 33. Qc8+ Kh7 34. Qxc5 1-0


[Site "https://www.chess.com"]

[Event "Titled Tuesday Blitz May 2 Early 2023"]
[White "Eidelman, Gabriel"]
[Black "Florescu, Codrut-Constantin"]
[WhiteFideId "30910544"]
[BlackFideId "1202200"]
[WhiteElo "2209"]
[BlackElo "2191"]
[Result "0-1"]
[Round "05"]
[TimeControl "180+2"]
[Date "2023.05.02"]
[WhiteClock "0:00:02"]
[BlackClock "0:00:37"]

1. Nf3 d5 2. e3 e6 3. c4 Nf6 4. Nc3 Be7 5. b3 b6 6. Bb2 Bb7 7. d4 Nbd7 8. Bd3 a6 9. O-O O-O 10. Rc1 Ne4 11. Qe2 f5 12. cxd5 exd5 13. Rc2 Bd6 14. Qd1 Qe7 15. Ne2 Rf6 16. Qc1 Rh6 17. g3 Qf7 18. Kg2 Ndf6 19. h3 Qh5 20. Rh1 Rg6 21. Nf4 Bxf4 22. exf4 Nxg3 23. fxg3 Ne4 24. Bxe4 dxe4 25. Ng5 e3+ 26. d5 Bxd5+ 27. Kh2 Re8 28. Qd1 Qxd1 29. Rxd1 c6 30. h4 h6 31. Nh3 Rge6 32. Re1 a5 33. Be5 a4 34. Rxe3 axb3 35. axb3 Ra8 36. Nf2 Ra3 37. Rb2 Ra1 38. Rc3 Rf1 39. Rd3 g5 40. Rd1 Rxd1 41. Nxd1 gxh4 42. gxh4 Kf7 43. Ne3 Be4 44. Ra2 Re8 45. Ra7+ Ke6 46. Rh7 Ra8 47. Rxh6+ Ke7 48. Rh7+ Ke6 49. Rb7 b5 50. h5 Ra3 51. Kg3 Rxb3 52. Kf2 Ra3 53. Rg7 Ra2+ 54. Kg3 Re2 0-1


[Site "https://www.chess.com"]

[Event "Titled Tuesday Blitz May 2 Early 2023"]
[White "Dimitrov, Atanas"]
[Black "Lopez Gracia, Fernando"]
[WhiteFideId "2901315"]
[BlackFideId "2207184"]
[WhiteElo "2269"]
[BlackElo "2255"]
[Result "1-0"]
[Round "05"]
[TimeControl "180+2"]
[Date "2023.05.02"]
[WhiteClock "0:01:22"]
[BlackClock "0:02:03"]

1. Nf3 d5 2. e3 Nf6 3. c4 c6 4. Nc3 Bg4 5. b3 e6 6. Bb2 Nbd7 7. Be2 Be7 8. d4 O-O 9. O-O h6 10. Rc1 Re8 11. h3 Bh5 12. Nd2 Bxe2 13. Qxe2 a5 14. Rfd1 Bd6 15. e4 dxe4 16. Ndxe4 Bc7 17. Rc2 Nxe4 18. Nxe4 Nf6 19. Nxf6+ Qxf6 20. d5 Qf4 21. g3 Qf5 22. d6 Bb6 23. Kg2 Rad8 24. Rcd2 Rd7 25. Bd4 Bxd4 26. Rxd4 Red8 27. f4 Qc5 28. Qe5 Qb4 29. c5 Qa3 30. Ra4 1-0


[Site "https://www.chess.com"]

[Event "Titled Tuesday Blitz May 2 Early 2023"]
[White "Stanojevic, Ilija"]
[Black "Kim, Sergey"]
[WhiteFideId "959995"]
[BlackFideId "13700570"]
[WhiteElo "2138"]
[BlackElo "2295"]
[Result "1/2-1/2"]
[Round "05"]
[TimeControl "180+2"]
[Date "2023.05.02"]
[WhiteClock "0:00:12"]
[BlackClock "0:00:30"]

1. d4 Nf6 2. c4 g6 3. Nc3 Bg7 4. g3 d6 5. Bg2 O-O 6. Nf3 Nbd7 7. O-O e5 8. e4 exd4 9. Nxd4 Re8 10. h3 Nc5 11. Re1 c6 12. Rb1 a5 13. b3 Nfd7 14. f4 Nf8 15. Be3 Qc7 16. Bf2 Nfe6 17. Kh2 Nxd4 18. Bxd4 Bf8 19. Bxc5 dxc5 20. e5 Bg7 21. Rb2 Bf5 22. Rd2 Rad8 23. Be4 Bc8 24. Rd6 f6 25. Rxd8 Rxd8 26. Qc2 fxe5 27. f5 gxf5 28. Bxf5 Bxf5 29. Qxf5 Qd7 30. Qxd7 Rxd7 31. Ne4 b6 32. Kg2 Rd3 33. Re2 h6 34. g4 Kf7 35. Rd2 Rd4 36. Kf3 Ke6 37. h4 Bf8 38. h5 Be7 39. Ke3 b5 40. Kf3 a4 41. cxb5 cxb5 42. bxa4 bxa4 43. Ng3 Bg5 44. Rxd4 exd4 45. Ke4 Be3 46. Nf5 Bg5 47. Ng3 Kd6 48. Nf5+ Kc6 49. Ng7 Kb5 50. Ne6 Bc1 51. g5 hxg5 52. h6 d3 53. Kxd3 g4 54. h7 Bb2 55. Ng5 g3 56. Nf3 Kb4 57. Kc2 Bg7 58. Kd3 g2 59. Kc2 Ka3 60. Kb1 c4 61. Ng1 Kb4 62. Kc2 a3 63. Ne2 Kc5 64. Kd2 Kd6 65. Ke3 Ke6 66. Kf3 c3 67. Kxg2 c2 68. Kf2 Kf5 69. Ke3 Kg6 70. Kd3 Kxh7 71. Kxc2 Kg6 72. Kb3 Bf8 73. Nc3 Kf5 74. Nb5 Ke6 75. Nxa3 Bxa3 76. Kxa3 Kd5 77. Kb4 Kc6 78. a4 Kb6 79. a5+ Ka6 80. Kc5 Kb7 81. Kd5 Ka6 82. Kd6 Kxa5 1/2-1/2


[Site "https://www.chess.com"]

[Event "Titled Tuesday Blitz May 2 Early 2023"]
[White "Arkell, Keith C"]
[Black "Pujari, Rucha"]
[WhiteFideId "400270"]
[BlackFideId "5024528"]
[WhiteElo "2319"]
[BlackElo "2129"]
[Result "1-0"]
[Round "05"]
[TimeControl "180+2"]
[Date "2023.05.02"]
[WhiteClock "0:02:26"]
[BlackClock "0:00:08"]

1. d4 d5 2. Nf3 Nf6 3. c4 e6 4. cxd5 exd5 5. Nc3 c6 6. Qc2 Bd6 7. Bg5 a5 8. Bxf6 gxf6 9. g3 Na6 10. a3 Nc7 11. Bg2 f5 12. e3 Qf6 13. O-O h5 14. h4 Ne6 15. Ne2 Bd7 16. Rfd1 Ke7 17. Nf4 Rag8 18. b4 axb4 19. axb4 Nxf4 20. exf4 Ra8 21. Rxa8 Rxa8 22. Ne5 Be6 23. b5 cxb5 24. Qb3 Ra5 25. Bxd5 Bxe5 26. dxe5 Qh8 27. Qb4+ 1-0


[Site "https://www.chess.com"]

[Event "Titled Tuesday Blitz May 2 Early 2023"]
[White "Srebrnic, Marko"]
[Black "Orlov, Georgi"]
[WhiteFideId "14603616"]
[BlackFideId "2011271"]
[WhiteElo "2341"]
[BlackElo "2453"]
[Result "1-0"]
[Round "05"]
[TimeControl "180+2"]
[Date "2023.05.02"]
[WhiteClock "0:00:08"]
[BlackClock "0:00:09"]

1. e4 d6 2. d4 Nf6 3. Nc3 c6 4. f4 g6 5. Nf3 Bg7 6. Be3 O-O 7. Qd2 b5 8. Bd3 Bb7 9. O-O a6 10. Kh1 Nfd7 11. f5 c5 12. Bh6 cxd4 13. Bxg7 Kxg7 14. Nxd4 Ne5 15. Qg5 Nbd7 16. fxg6 hxg6 17. Nf5+ Kg8 18. Nxe7+ Kg7 19. Nf5+ Kg8 20. Qxd8 Raxd8 21. Nxd6 Ba8 22. Nd5 Bxd5 23. exd5 Nc5 24. Ne4 Ncxd3 25. cxd3 Nxd3 26. b3 f5 27. Nc3 b4 28. Na4 Rxd5 29. Nb6 Rd4 30. Nc4 Re8 31. h3 Re2 32. Kg1 Nc5 33. Rf2 Rxf2 34. Kxf2 Rd3 35. Re1 Ne4+ 36. Kg1 Rc3 37. Re2 Kg7 38. Kh2 Kf6 39. Nd2 Ng5 40. Nc4 Ne6 41. Rd2 f4 42. Rd6 Rc2 43. Kg1 Kf5 44. Rd5+ Kf6 45. Ra5 g5 46. Rxa6 Kf5 47. Nd6+ Ke5 48. Nf7+ Kf5 49. Ra5+ Kf6 50. Ne5 Nd4 51. Ng4+ Ke6 52. Ra6+ Kd5 53. Ra5+ Ke4 54. Re5+ Kd3 55. Rxg5 Ne2+ 56. Kh2 Ng3 57. h4 Rc1 58. Nf2+ Ke2 59. Rxg3 fxg3+ 60. Kxg3 Rc2 61. h5 Rc3+ 62. Kf4 Kxf2 63. g4 Rc2 64. g5 Rxa2 65. g6 Ra7 66. h6 Ra6 67. Kg5 Ra5+ 68. Kf6 Ra6+ 69. Kf7 Ra5 70. h7 Ra3 71. h8=Q Rxb3 72. Qd4+ Re3 73. Qxb4 1-0


[Site "https://www.chess.com"]

[Event "Titled Tuesday Blitz May 2 Early 2023"]
[White "Ismagilov, Damir"]
[Black "Ljukin, Sergei"]
[WhiteFideId "34199982"]
[BlackFideId "14102200"]
[WhiteElo "2078"]
[BlackElo "2312"]
[Result "1-0"]
[Round "05"]
[TimeControl "180+2"]
[Date "2023.05.02"]
[WhiteClock "0:00:15"]
[BlackClock "0:00:05"]

1. d4 d5 2. Nf3 Nf6 3. Bg5 Ne4 4. Bf4 c5 5. e3 Nc6 6. Nbd2 Bf5 7. c3 e6 8. Nxe4 Bxe4 9. Bd3 Bxd3 10. Qxd3 Be7 11. O-O O-O 12. dxc5 Bxc5 13. e4 dxe4 14. Qxe4 Qb6 15. Ng5 g6 16. Qf3 Be7 17. Qh3 h5 18. b3 Qa5 19. Ne4 Rad8 20. Qf3 Qf5 21. Ng3 Qd3 22. Rad1 Qxf3 23. gxf3 Rxd1 24. Rxd1 Rd8 25. Rxd8+ Nxd8 26. Ne4 Nc6 27. Kf1 e5 28. Bg5 Bxg5 29. Nxg5 Kf8 30. Ke2 Ke7 31. Kd3 f5 32. Ke3 Kf6 33. f4 e4 34. f3 exf3 35. Nxf3 Ne7 36. c4 Nc6 37. a3 a5 38. h4 Ke6 39. Nd4+ Kd6 40. Nxc6 bxc6 41. b4 axb4 42. axb4 c5 43. b5 Kc7 44. Kd2 Kb6 45. Kc3 Ka5 46. Kb3 Kb6 47. Ka4 g5 48. fxg5 f4 49. g6 f3 50. g7 f2 51. g8=Q f1=Q 52. Qe6+ Ka7 53. Qd7+ Kb8 54. Qd6+ Ka7 55. Qxc5+ Kb8 56. Qb6+ Ka8 57. Qc6+ Kb8 58. Qd6+ Ka8 59. Qd5+ Kb8 60. Kb4 Qe1+ 61. Kc5 Qxh4 62. b6 Qf2+ 63. Kb5 h4 64. Qd8+ Kb7 65. Qc7+ 1-0


[Site "https://www.chess.com"]

[Event "Titled Tuesday Blitz May 2 Early 2023"]
[White "Rottenwohrer Suarez, Juan"]
[Black "Pajeken, Jakob Leon"]
[WhiteFideId "32068182"]
[BlackFideId "12942839"]
[WhiteElo "2174"]
[BlackElo "2414"]
[Result "1-0"]
[Round "05"]
[TimeControl "180+2"]
[Date "2023.05.02"]
[WhiteClock "0:01:20"]
[BlackClock "0:02:07"]

1. Nf3 d5 2. g3 c5 3. Bg2 Nc6 4. d4 cxd4 5. Nxd4 e5 6. Nxc6 bxc6 7. c4 Be6 8. Nc3 Bb4 9. cxd5 Bxc3+ 10. bxc3 cxd5 11. c4 Ne7 12. O-O Rc8 13. Qa4+ Qd7 14. Qxd7+ Kxd7 15. cxd5 Bxd5 16. Rd1 Kc6 17. Bh3 f5 18. Ba3 1-0


[Site "https://www.chess.com"]

[Event "Titled Tuesday Blitz May 2 Early 2023"]
[White "Iskusnyh, Sergei"]
[Black "Dinu, Dumitru-Daniel"]
[WhiteFideId "4120027"]
[BlackFideId "1208403"]
[WhiteElo "2492"]
[BlackElo "2240"]
[Result "0-1"]
[Round "05"]
[TimeControl "180+2"]
[Date "2023.05.02"]
[WhiteClock "0:00:09"]
[BlackClock "0:00:10"]

1. d4 Nf6 2. c4 e6 3. g3 Bb4+ 4. Bd2 a5 5. Bg2 O-O 6. Nc3 d6 7. Nf3 b6 8. O-O Bb7 9. Qc2 Bxc3 10. Bxc3 Nbd7 11. Rad1 Qe7 12. b3 Ne4 13. Bb2 f5 14. d5 Ndc5 15. dxe6 Qxe6 16. Nd4 Qg6 17. Nb5 Rac8 18. a3 Na6 19. Ba1 Rce8 20. e3 h5 21. Qb2 h4 22. b4 axb4 23. axb4 hxg3 24. hxg3 Ba8 25. Qa3 Bb7 26. Rfe1 Re7 27. Qb3 Rfe8 28. c5+ Kh8 29. cxd6 cxd6 30. Nd4 Nxg3 31. fxg3 Qxg3 32. Qb2 Rxe3 33. Rxe3 Rxe3 34. Nf3 Bxf3 35. Qxg7+ Qxg7 36. Bxg7+ Kxg7 37. Kf2 Bxd1 38. Kxe3 Nxb4 39. Kd4 Kf6 40. Kc4 Nc2 41. Kb5 f4 42. Kxb6 f3 43. Bxf3 Bxf3 0-1


[Site "https://www.chess.com"]

[Event "Titled Tuesday Blitz May 2 Early 2023"]
[White "Ezat, Mohamed"]
[Black "Sai Han Thiha"]
[WhiteFideId "10600906"]
[BlackFideId "13012290"]
[WhiteElo "2386"]
[BlackElo "1954"]
[Result "1-0"]
[Round "05"]
[TimeControl "180+2"]
[Date "2023.05.02"]
[WhiteClock "0:00:08"]
[BlackClock "0:00:12"]

1. d4 Nf6 2. c4 e6 3. Nc3 Bb4 4. f3 d5 5. a3 Bxc3+ 6. bxc3 c5 7. cxd5 exd5 8. e3 O-O 9. Bd3 b6 10. Ne2 Ba6 11. Bxa6 Nxa6 12. O-O Nb8 13. Ng3 Nc6 14. Ra2 Re8 15. Raf2 h5 16. Re2 h4 17. Nh1 Rc8 18. Nf2 Qd7 19. Bb2 Na5 20. e4 Nc4 21. Bc1 cxd4 22. cxd4 dxe4 23. fxe4 Rcd8 24. e5 Nd5 25. Ne4 h3 26. Qd3 b5 27. gxh3 Ne7 28. Rxf7 Qxd4+ 29. Qxd4 Rxd4 30. e6 Rd1+ 31. Rf1 Rxf1+ 32. Kxf1 Nd5 33. Nc5 Nc3 34. Rf2 Na4 35. Nxa4 bxa4 36. Re2 Nb6 37. Bg5 Nc4 38. Bc1 Nb6 39. Re4 Nd5 40. Bd2 Nc7 41. Rxa4 Nxe6 42. Rxa7 Ng5 43. Bxg5 Rf8+ 44. Kg2 Rb8 45. Bf4 Rb2+ 46. Kg3 Re2 47. Kg4 Kf8 48. a4 Ra2 49. a5 Ra4 50. a6 Ke8 51. Kf5 Kd8 52. Be5 Kc8 53. Ke6 Ra2 54. Rc7+ Kd8 55. Ra7 1-0


[Site "https://www.chess.com"]

[Event "Titled Tuesday Blitz May 2 Early 2023"]
[White "Pourkashiyan, Atousa"]
[Black "Janaszak, Dawid"]
[WhiteFideId "12502014"]
[BlackFideId "1119206"]
[WhiteElo "2228"]
[BlackElo "2220"]
[Result "1-0"]
[Round "05"]
[TimeControl "180+2"]
[Date "2023.05.02"]
[WhiteClock "0:00:04"]
[BlackClock "0:00:25"]

1. e4 c5 2. Nf3 Nc6 3. d4 cxd4 4. Nxd4 g6 5. c4 Bg7 6. Be3 Qb6 7. Nb3 Qd8 8. Nc3 Bxc3+ 9. bxc3 Nf6 10. f3 d6 11. Be2 b6 12. Bh6 Rg8 13. Qd2 Be6 14. Nd4 Ne5 15. Nxe6 fxe6 16. Bf4 Nfd7 17. O-O Qc7 18. a4 Nxc4 19. Qa2 Rc8 20. Rfd1 g5 21. Bg3 h5 22. Rd4 Qc5 23. Qxc4 Kf7 24. Qxc5 Rxc5 25. Rc4 Rgc8 26. Rxc5 Nxc5 27. Bc4 Nd7 28. Bb5 Nf8 29. Be1 d5 30. a5 Rc5 31. axb6 axb6 32. Rb1 Ng6 33. exd5 exd5 34. Bd7 Ne5 35. Ba4 Ra5 36. Bd1 b5 37. c4 Ra2 38. cxb5 Nd3 39. Bg3 h4 40. b6 Nc5 41. b7 Nxb7 42. Rxb7 hxg3 43. Rb1 gxh2+ 44. Kxh2 Rd2 45. Kg3 Kf6 46. Bb3 e6 47. Re1 Rb2 48. Re3 Rd2 49. Ba4 Ra2 50. Bd7 Rd2 51. Rxe6+ Kf7 52. Re5 d4 53. Rxg5 Ke7 54. Rd5 d3 55. Bf5 Rb2 56. Rxd3 Rb4 57. Be4 Kf6 58. Kf4 Rb8 59. Rd6+ Ke7 60. Rh6 Rf8+ 61. Ke3 Rh8 62. Rxh8 1-0


[Site "https://www.chess.com"]

[Event "Titled Tuesday Blitz May 2 Early 2023"]
[White "Tymrakiewicz, Rafal"]
[Black "Spitzl, Vinzent"]
[WhiteFideId "1108832"]
[BlackFideId "12901253"]
[WhiteElo "2151"]
[BlackElo "2225"]
[Result "0-1"]
[Round "05"]
[TimeControl "180+2"]
[Date "2023.05.02"]
[WhiteClock "0:00:27"]
[BlackClock "0:01:10"]

1. e4 c5 2. d4 cxd4 3. c3 dxc3 4. Nxc3 Nc6 5. Nf3 g6 6. Bc4 Bg7 7. e5 Nh6 8. Bf4 O-O 9. Qd2 Ng4 10. Qe2 d6 11. e6 fxe6 12. Bxe6+ Kh8 13. Bd2 Rxf3 14. gxf3 Nd4 15. Bxg4 Nxe2 16. Kxe2 Bxg4 17. fxg4 Qd7 18. f3 e6 19. h4 Rf8 20. h5 Kg8 21. hxg6 hxg6 22. Rhf1 d5 23. Rad1 Qc7 24. Kd3 Qc4+ 25. Kc2 d4 26. Rde1 dxc3 27. Bxc3 Bxc3 28. bxc3 Qxa2+ 29. Kc1 Rc8 30. Re3 Qa1+ 0-1


[Site "https://www.chess.com"]